 Dungeon Crawl Stone Soup version 0.22-a0-603-gfc1114d (webtiles) character file.

64 sking99 the Grave Robber (level 3, 18/27 HPs)
             Began as a Mummy Necromancer on July 7, 2018.
             Quit the game on level 3 of the Dungeon.
             The game lasted 00:07:07 (1908 turns).

sking99 the Grave Robber (Mummy Necromancer)        Turns: 1908, Time: 00:07:07

Health: 18/27      AC:  2    Str: 11    XL:     3   Next: 91%
Magic:  1/8        EV: 12    Int: 15    God:
Gold:   127        SH:  0    Dex: 12    Spells: 7/9 levels left

rFire    x . .     SeeInvis .   c - +0 short sword
rCold    + . .     Gourm    .   (no shield)
rNeg     + + +     Faith    .   a - +0 robe
rPois    ∞         Spirit   .   (no helmet)
rElec    .         Reflect  .   (no cloak)
rCorr    .         Harm     .   (no gloves)
MR       .....                  (no boots)
Stlth    ++........             (no amulet)
HPRegen  0.09/turn              (no ring)
MPRegen  0.11/turn              (no ring)

@: no status effects
A: no food or potions, fire vulnerability, cold resistance 1, negative energy
resistance 3, torment resistance, unbreathing
a: no special abilities


You were on level 3 of the Dungeon.
You were not hungry.

You visited 1 branch of the dungeon, and saw 3 of its levels.

You collected 127 gold pieces.

Inventory:

Hand Weapons
 c - a +0 short sword (weapon)
Armour
 a - a +0 robe (worn)
Jewellery
 d - an uncursed amulet of the acrobat {unknown}
 e - an uncursed ring of wizardry {unknown}
 h - a cursed ring of fire {unknown}
Scrolls
 b - 2 scrolls of teleportation {unknown}
 f - a scroll of remove curse {unknown}
 g - 2 scrolls of identify {unknown}
 i - a scroll of fog {unknown}
 j - a scroll of blinking {unknown}
 k - a scroll of amnesia {unknown}


   Skills:
 + Level 1.8 Fighting
 - Level 1.5 Dodging
 - Level 1.5 Stealth
 + Level 3.7 Spellcasting
 + Level 4.5 Necromancy


You had 7 spell levels left.
You knew the following spells:

 Your Spells              Type           Power        Failure   Level  Hunger
a - Pain                  Necr           ###.         2%          1    N/A
r - Animate Skeleton      Necr           N/A          2%          1    N/A

Your spell library contained the following spells:

 Spells                   Type           Power        Failure   Level  Hunger
 Animate Dead             Necr           N/A          28%         4    N/A
 Vampiric Draining        Necr           ###.......   9%          3    N/A
 Regeneration             Chrm/Necr      #.........   22%         3    N/A

Dungeon Overview and Level Annotations

Branches:
Dungeon (3/15)

Altars:


Innate Abilities, Weirdness & Mutations

You do not eat or drink.
Your flesh is vulnerable to fire.
You are immune to poison.
Your flesh is cold resistant. (rC+)
You are immune to negative energy. (rN+++)
You are immune to unholy pain and torment.
You can survive without breathing.


Message History

Aim: a goblin (chance to defeat MR: 87%)
The goblin writhes in agony!
You kill the goblin!
A kobold comes into view.
Casting: Pain (safe; 2% risk of failure)
Confirm with . or Enter, or press ? or * to list all spells.
Aiming: Pain (safe; 2% risk of failure)
Press: ? - help, Shift-Dir - straight line, f - worm
Aim: a worm (chance to defeat MR: 81%)
The worm writhes in agony!
Casting: Pain (safe; 2% risk of failure)
Confirm with . or Enter, or press ? or * to list all spells.
Aiming: Pain (safe; 2% risk of failure)
Press: ? - help, Shift-Dir - straight line, f/p - worm
Aim: a worm (moderately wounded, chance to defeat MR: 81%)
The worm writhes in agony!
Items here: )) †† a club x2; a goblin corpse; a quokka corpse You see here 2 chunks of flesh.
Are you sure you want to abandon this character and quit the game? (Confirm with "yes".)

?.#.# .! ...
.#.. #.##.#.
#####..#.P
#......#.#####
#......#......
#.......#
#.......## #
#......%@# ...
########%#
#....
####.####......
+.....)........
#####.##wK.....
.... .......
####....w....
......!..
.........


There were no monsters in sight!

Vanquished Creatures
  3 adders
  A dart slug (D:1)
  A leopard gecko (D:3)
  2 ball pythons
  A giant cockroach (D:2)
  8 goblins
  3 hobgoblins
  3 kobolds
  3 quokkas
  2 bats
  A frilled lizard (D:2)
  A rat (D:2)
29 creatures vanquished.

Vanquished Creatures (collateral kills)
  A dart slug (D:2)
  A goblin (D:1)
  A kobold (D:1)
3 creatures vanquished.

Grand Total: 32 creatures vanquished

Notes
Turn   | Place    | Note
-------+----------+-------------------------------------------
     0 | D:1      | sking99 the Mummy Necromancer began the quest for the Orb.
     0 | D:1      | Reached XP level 1. HP: 13/13 MP: 4/4
    36 | D:1      | Learned a level 1 spell: Animate Skeleton
   324 | D:1      | Reached XP level 2. HP: 20/20 MP: 0/6
   526 | D:1      | Reached skill level 1 in Fighting
  1272 | D:2      | Reached XP level 3. HP: 26/26 MP: 2/7
  1908 | D:3      | Quit the game

Vault maps used:
D:1:      minmay_arrival_shattered_statue
D:2:      first_ration
D:3:      cheibrodos_old_hovel, minmay_cut_off

Skill      XL: |  1  2 |
---------------+-------+-----
Spellcasting   | 3 |  3.7
Fighting       | 1 |  1.8
Dodging        | |  1.5
Stealth        | |  1.5
Necromancy     | |  4.5

Action                   || total
-------------------------++-------
Melee: Short sword       ||     7
 Cast: Pain              ||    65
       Animate Skeleton  ||    17
Armor: Robe              ||     2
Dodge: Dodged            ||    22

Table legend:
 A = Spawn XP
 B = Non-spawn XP
 C = Spawn XP percentage of total XP
 D = Spawn monster count
 E = Non-spawn monster count
 F = Spawn count percentage of total count
 G = Total turns spent on level
                    A         B        C        D         E        F      G
               +---------+---------+-------+---------+---------+-------+---------
         Total |       0 |      92 |   0.0 |       0 |      32 |   0.0 |  1908
               +---------+---------+-------+---------+---------+-------+---------
           D:1 |       0 |      21 |   0.0 |       0 |      10 |   0.0 |   884
           D:2 |       0 |      48 |   0.0 |       0 |      15 |   0.0 |   924
           D:3 |       0 |      23 |   0.0 |       0 |       7 |   0.0 |   100
               +---------+---------+-------+---------+---------+-------+---------
